 Dungeon Crawl Stone Soup version 0.20.0-15-g7f486f2 (webtiles) character file.

3988 asdasd2 the Cleaver (level 10, -9/90 HPs)
             Began as a Minotaur Fighter on June 11, 2017.
             Was an Elder of Okawaru.
             Mangled by a shadow demon (12 damage)
             ... created by the power of Zot
             ... in a bailey.
             The game lasted 00:12:22 (5385 turns).

asdasd2 the Cleaver (Minotaur Fighter)              Turns: 5385, Time: 00:12:22

Health: -9/90      AC: 18    Str: 24    XL:     10   Next: 3%
Magic:  3/9        EV: 10    Int:  5    God:    Okawaru [****..]
Gold:   242        SH:  0    Dex: 10    Spells: 9/9 levels left

rFire    . . .     SeeInvis .   a - +0 war axe
rCold    . . .     Gourm    .   (no shield)
rNeg     . . .     Faith    .   j - +1 plate armour
rPois    .         Spirit   .   (helmet restricted)
rElec    .         Reflect  .   (no cloak)
rCorr    +         Harm     .   m - +0 pair of gloves
MR       .....                  (no boots)
Stlth    ..........             (no amulet)
Regen    0.3/turn               e - ring of stealth
MPRegen  0.2/turn               h - ring of resist corrosion

@: heroism, hasted, very quick
A: retaliatory headbutt, horns 2
a: Heroism, Renounce Religion


You were in a bailey.
You worshipped Okawaru.
Okawaru was greatly pleased with you.
You were not hungry.

You visited 1 branch of the dungeon, and saw 7 of its levels.
You also visited: Bailey.

You collected 242 gold pieces.

Inventory:

Hand Weapons
 a - a +0 war axe (weapon)
Armour
 j - a +1 plate armour (worn)
 m - a +0 pair of gloves (worn)
Jewellery
 e - a ring of stealth (left hand)
 h - a ring of resist corrosion (right hand)
 t - a cursed ring of positive energy {unknown}
Scrolls
 g - 4 scrolls of remove curse
 i - a scroll of recharging
 o - 4 scrolls of identify
 r - 2 scrolls of enchant armour
 s - a scroll of amnesia
 u - a scroll of immolation {unknown}
Potions
 c - a potion of haste
 d - a potion of degeneration {unknown}
 k - a potion of brilliance {unknown}
 n - 3 potions of curing
 v - a potion of agility {unknown}
Comestibles
 b - 3 meat rations
 f - 6 bread rations
 q - a royal jelly


   Skills:
 + Level 8.6(13.6) Fighting
 + Level 12.7(17.7) Axes
 + Level 8.9(13.9) Armour
 + Level 1.5(6.5) Dodging
   Level 3.6(8.6) Shields
 + Level 1.0 Invocations


You had 9 spell levels left.
You didn't know any spells.

Dungeon Overview and Level Annotations

Branches:
Dungeon (7/15)             Temple (0/1) D:6

Altars:
Cheibriados
Fedhas
Gozag
Hepliaklqana
Kikubaaqudgha
Okawaru
Trog
Uskayaw
Vehumet
Yredelemnul
Zin
The Shining One


Innate Abilities, Weirdness & Mutations

You reflexively headbutt those who attack you in melee.
You have a pair of horns on your head.


Message History

The chaos spawn hits you but does no damage.
The gnoll hits you from afar with an antimagic halberd.
* * * LOW HITPOINT WARNING * * *
You feel your power leaking away. The gnoll hits you but does no damage.
The gnoll barely misses you.
The hellwing hits you but does no damage. x2
The shadow demon hits you!
* * * LOW HITPOINT WARNING * * *
Unknown command.
You feel better. The chaos spawn barely misses you.
The gnoll hits you from afar with a halberd!
* * * LOW HITPOINT WARNING * * *
The gnoll hits you from afar with an antimagic halberd.
* * * LOW HITPOINT WARNING * * *
You feel your power leaking away. The gnoll hits you but does no damage.
You feel better. The hellwing barely misses you. The hellwing hits you.
* * * LOW HITPOINT WARNING * * *
The gnoll closely misses you. The shadow demon hits you!
You die...

#≈≈≈≈≈# +..........§..+ #≈≈≈≈≈#
#######'####### #≈≈≈≈≈# #...Wg..#
#≈≈≈≈≈# #.8.8.8.'.....
#≈≈≈≈≈######.g.....#####g#
#≈≈≈≈≈≈.#......#....#[[#.#
######.≈≈≈≈≈.#.g3...#....#[[#g#
#......≈≈≈≈≈.#'2#####....#..#.#
#......≈≈≈≈≈)#g4@4.##....#..#.#
.............).g...##....#'##g##+
..∩..........)g.⌠..##.._.#...∩...
.............'...).##....#+##.#
#......≈≈≈≈≈.#.))..##....#..#g#
#......≈≈≈≈≈.#')#####....#..#)#
######.≈≈≈≈≈.#..))..#....#%%#2#
#≈≈≈≈≈≈.#...)..#....#%%#4#
#≈≈≈≈≈######.......#####o#


You could see a shadow demon, a hellwing, a chaos spawn and 4 gnolls.

Vanquished Creatures
  A two-headed ogre (D:6)
  The ghost of grindst0ne the Covert, a novice OpAs (Bailey)
  2 kobold demonologists (Bailey)
  The ghost of mcbry the Skirmisher, an amateur HOFi of Beogh (D:4)
  3 orc warriors (Bailey)
  4 ogres
  2 bullfrogs (D:7)
  A wyvern zombie (D:7)
  4 jellies
  A scorpion (D:6)
  An electric eel (Bailey)
  4 wights (D:6)
  A howler monkey (D:3)
  A crimson imp (D:6)
  A bullfrog zombie (D:5)
  An orc priest (D:4)
  A hound (D:4)
  A centaur skeleton (D:5)
  Natasha (twice) (D:4)
  5 iguanas
  4 worker ants
  A howler monkey zombie (D:6)
  A howler monkey skeleton (D:6)
  10 gnolls
  14 adders
  A shadow imp (D:6)
  An adder zombie (D:6)
  2 worms
  2 dart slugs (D:1)
  3 leopard geckos
  12 orcs
  2 ball pythons
  9 bats
  5 giant cockroaches
  15 goblins
  19 hobgoblins
  4 jackals (D:1)
  A quokka (D:2)
  5 frilled lizards
  5 kobolds
  A leopard gecko skeleton (D:5)
  11 rats
166 creatures vanquished.

Notes
Turn   | Place    | Note
-------+----------+-------------------------------------------
     0 | D:1      | asdasd2 the Minotaur Fighter began the quest for the Orb.
     0 | D:1      | Reached XP level 1. HP: 19/19 MP: 0/0
   105 | D:1      | Reached XP level 2. HP: 26/27 MP: 1/1
   367 | D:1      | Reached XP level 3. HP: 33/33 MP: 2/2
   694 | D:1      | Reached skill level 3 in Axes
   806 | D:2      | Found an iron altar of Okawaru.
   815 | D:2      | Became a worshipper of Warmaster Okawaru
   965 | D:2      | Found a radiant altar of Vehumet.
   965 | D:2      | Found a glowing silver altar of Zin.
  1061 | D:2      | Reached XP level 4. HP: 41/41 MP: 3/3
  1525 | D:2      | Found a basalt altar of Yredelemnul.
  1978 | D:3      | Reached skill level 4 in Axes
  2044 | D:3      | Reached skill level 5 in Armour
  2044 | D:3      | Reached XP level 5. HP: 47/47 MP: 4/4
  2140 | D:3      | Found a bloodstained altar of Trog.
  2344 | D:4      | Found a snail-covered altar of Cheibriados.
  2344 | D:4      | Noticed mcbry's ghost (amateur HOFi)
  2352 | D:3      | Reached skill level 5 in Fighting
  2368 | D:4      | Killed mcbry's ghost
  2368 | D:4      | Reached * piety under Okawaru
  2368 | D:4      | Reached skill level 6 in Axes
  2368 | D:4      | Reached XP level 6. HP: 48/56 MP: 5/5
  2417 | D:4      | Noticed Natasha
  2428 | D:4      | Killed Natasha
  2428 | D:4      | Reached XP level 7. HP: 44/61 MP: 6/6
  2515 | D:4      | Noticed Natasha
  2519 | D:4      | Killed Natasha
  2988 | D:5      | Entered Level 5 of the Dungeon
  3023 | D:5      | Reached ** piety under Okawaru
  3023 | D:5      | Reached skill level 7 in Axes
  3281 | D:5      | Reached skill level 8 in Axes
  3507 | D:5      | Found a hide-covered altar of Uskayaw.
  3518 | D:5      | Found an ancient bone altar of Kikubaaqudgha.
  3584 | D:5      | Reached XP level 8. HP: 71/71 MP: 7/7
  3831 | D:6      | Found a blossoming altar of Fedhas.
  3938 | D:6      | Noticed a two-headed ogre
  3951 | D:6      | Killed a two-headed ogre
  3951 | D:6      | Reached skill level 10 in Axes
  3951 | D:6      | Reached skill level 1 in Dodging
  4261 | D:6      | Found a glowing golden altar of the Shining One.
  4261 | D:6      | Found a faded altar of an unknown god.
  4266 | D:6      | Found a faded altar of an unknown god.
  4268 | D:6      | Found an opulent altar of Gozag.
  4270 | D:6      | Found a hazy altar of Hepliaklqana.
  4416 | D:6      | Found a staircase to the Ecumenical Temple.
  4460 | D:6      | Reached *** piety under Okawaru
  4477 | D:6      | Reached XP level 9. HP: 63/79 MP: 8/8
  4717 | D:7      | Reached skill level 11 in Axes
  4773 | D:7      | Found a flagged portal.
  4788 | Bailey   | Entered a bailey
  5042 | Bailey   | Noticed a kobold demonologist
  5049 | Bailey   | Killed a kobold demonologist
  5049 | Bailey   | Reached skill level 12 in Axes
  5054 | Bailey   | Noticed a kobold demonologist
  5077 | Bailey   | Killed a kobold demonologist
  5077 | Bailey   | Reached **** piety under Okawaru
  5095 | Bailey   | Found an iron altar of Okawaru.
  5133 | Bailey   | Noticed a shadow demon
  5136 | Bailey   | Noticed an orange demon
  5147 | Bailey   | Noticed grindst0ne's ghost (novice OpAs)
  5184 | Bailey   | Killed grindst0ne's ghost
  5184 | Bailey   | Reached skill level 1 in Invocations
  5184 | Bailey   | Reached XP level 10. HP: 56/90 MP: 7/9
  5379 | Bailey   | Noticed a soul eater
  5384 | Bailey   | HP: 2/90 [gnoll/antimagic halberd[the power of Zot] (5)]
  5385 | Bailey   | Mangled by a shadow demon

Skill      XL: |  1  2  3  4  5  6  7  8  9 |
---------------+----------------------------+-----
Armour         | 4 5 6 7 8 |  8.9
Fighting       | 4 5 6 7 8 |  8.6
Axes           | 3 4 6 8 10 12 | 12.7
Dodging        | 1 |  1.5
Invocations    | 1 |  1.0
Shields        | |  3.6

Action                   |  1- 3 |  4- 6 |  7- 9 | 10-12 || total
-------------------------+-------+-------+-------+-------++-------
Melee: War axe           |    73 |   134 |   253 |    26 ||   486
       Headbutt          |     9 |    20 |    45 |     8 ||    82
       Punch             |       |       |     2 |       ||     2
Invok: Heroism           |       |       |     5 |     2 ||     7
  Use: Scroll            |     1 |     8 |     2 |       ||    11
       Potion            |       |     1 |     1 |     4 ||     6
  Eat: Chunk             |       |     5 |     5 |       ||    10
       Royal jelly       |       |       |     2 |       ||     2
       Fruit             |       |       |     1 |       ||     1
Armor: Scale mail        |    30 |       |       |       ||    30
       Plate armour      |    18 |   123 |   130 |    32 ||   303
Dodge: Dodged            |    43 |    47 |    74 |    30 ||   194
